 Dungeon Crawl Stone Soup version 0.21.0-24-g2553a33 (webtiles) character file.

10038 Gorglomux the Arsonist (level 11, -16/73 HPs)
             Began as an Octopode Fire Elementalist on Jan 20, 2018.
             Was a Believer of Vehumet.
             Demolished by Snorg (22 damage)
             ... on level 11 of the Dungeon.
             The game lasted 00:38:13 (14632 turns).

Gorglomux the Arsonist (OpFE)                      Turns: 14632, Time: 00:38:14

Health: -16/73     AC:  2    Str:  7    XL:     11   Next: 55%
Magic:  9/23       EV: 13    Int: 21    God:    Vehumet [**....]
Gold:   252        SH:  6    Dex: 13    Spells: 13/26 levels left

rFire    . . .     SeeInvis .   q - +2 blowgun (curse)
rCold    . . .     Gourm    +   N - +0 buckler
rNeg     . . .     Faith    .   K - +1 hat
rPois    .         Spirit   .   O - amulet of the gourmand
rElec    .         Reflect  .   l - ring of flight
rCorr    .         Harm     .   (no ring)
MR       .....                  (no ring)
Stlth    +++.......             (no ring)
HPRegen  0.22/turn              (no ring)
MPRegen  0.18/turn              (no ring)
                                (no ring)
                                (no ring)

@: no status effects
A: almost no armour, stealthy swim, amphibious, 8 rings, constrict 8, camouflage
1, gelatinous body 1
a: Renounce Religion, Evoke Flight


You were on level 11 of the Dungeon.
You worshipped Vehumet.
Vehumet was pleased with you.
You were very full.

You visited 2 branches of the dungeon, and saw 12 of its levels.

You collected 455 gold pieces.
You spent 203 gold pieces at shops.

Inventory:

Hand Weapons
 q - a cursed +2 blowgun (weapon)
Missiles
 D - 58 poisoned needles (quivered)
 Z - 4 throwing nets
Armour
 v - a +2 shield
 K - a +1 hat (worn)
 N - a +0 buckler (worn)
Jewellery
 l - a ring of flight (left tentacle)
 x - an uncursed ring of ice {unknown}
 y - an uncursed amulet of rage {unknown}
 O - an amulet of the gourmand (around mantle)
Wands
 A - a wand of acid (1)
 E - a wand of enslavement (13)
 I - a wand of iceblast (1)
 P - a wand of paralysis (12)
Scrolls
 f - 5 scrolls of remove curse
 u - a scroll of vulnerability {unknown}
 J - a scroll of fear {unknown}
 L - 3 scrolls of immolation {unknown}
 M - a scroll of amnesia {unknown}
 R - 6 scrolls of identify
 S - 4 scrolls of blinking
 T - a scroll of random uselessness {unknown}
 V - 4 scrolls of teleportation
 Y - a scroll of enchant armour {unknown}
Potions
 j - 3 potions of agility
 k - a potion of resistance
 w - a potion of heal wounds
 B - a potion of might
 C - a potion of ambrosia {unknown}
 F - 2 potions of degeneration {unknown}
 G - 3 potions of haste {unknown}
 H - 2 potions of lignification {unknown}
 Q - 2 potions of curing
 U - 3 potions of flight
 W - a potion of magic {unknown}
 X - 4 potions of brilliance
Books
 a - a book of Flames

   Spells                             Type                      Level
   a - Flame Tongue                   Conjuration/Fire             1
   b - Throw Flame                    Conjuration/Fire             2
   c - Conjure Flame                  Conjuration/Fire             3
   d - Inner Flame                    Hexes/Fire                   3
   e - Sticky Flame                   Conjuration/Fire             4
   f - Fireball                       Conjuration/Fire             5
 s - the Almanac of the Helpful Arsonist
   (You found it on level 10 of the Dungeon)

   Spells                             Type                      Level
   a - Infusion                       Charms                       1
   b - Song of Slaying                Charms                       2
   c - Regeneration                   Charms/Necromancy            3
   d - Ozocubu's Armour               Charms/Ice                   3
   e - Inner Flame                    Hexes/Fire                   3
   f - Excruciating Wounds            Charms/Necromancy            5
 t - a book of Transfigurations

   Spells                             Type                      Level
   a - Irradiate                      Conjuration/Transmutation    5
   b - Statue Form                    Transmutation/Earth          6
   c - Hydra Form                     Transmutation                6
   d - Dragon Form                    Transmutation                7
 z - a book of Cantrips

   Spells                             Type                      Level
   a - Confusing Touch                Hexes                        1
   b - Animate Skeleton               Necromancy                   1
   c - Summon Small Mammal            Summoning                    1
   d - Apportation                    Translocation                1
Comestibles
 b - 25 rations


   Skills:
 - Level 6.3 Fighting
 - Level 2.0 Dodging
 - Level 2.6 Stealth
 - Level 7.8 Shields
 + Level 8.1 Spellcasting
 + Level 8.6 Conjurations
 + Level 9.1 Fire Magic


You had 13 spell levels left.
You knew the following spells:

 Your Spells              Type           Power        Failure   Level  Hunger
a - Flame Tongue          Conj/Fire      #####        1%          1    None
b - Sticky Flame          Conj/Fire      #####...     1%          4    ###....
c - Fireball              Conj/Fire      #####.....   5%          5    #####..
j - Conjure Flame         Conj/Fire      #####...     1%          3    None


Dungeon Overview and Level Annotations

Branches:
Dungeon (11/15)            Temple (1/1) D:6            Lair (0/6) D:9
    Orc (0/2) D:10

Altars:
Ashenzari
Cheibriados
Dithmenos
Elyvilon
Fedhas
Gozag
Hepliaklqana
Makhleb
Nemelex Xobeh
Okawaru
Qazlal
Ru
Sif Muna
Trog
Vehumet
Wu Jian
Yredelemnul
Zin
The Shining One
Beogh

Shops:
D:4 *(?   D:5 *   D:9 [

Annotations:
D:5 Pikel
D:11 Snorg


Innate Abilities, Weirdness & Mutations

You cannot wear most types of armour.
You are very stealthy in the water. (Stealth+)
You are amphibious.
You can wear up to eight rings at the same time.
You can use your tentacles to constrict eight enemies at once.
Your skin changes colour to match your surroundings (Stealth+).
Your rubbery body absorbs attacks. (AC +1, EV +1)


Message History

Snorg burns!!!
Snorg is engulfed in blazing flames!
You block Snorg's attack! Snorg claws you!!! Snorg claws you!
Unknown command!
Evoke which item? (* to show all) (? for menu, Esc to quit)
Aiming: Corrosive Bolt
Press: ? - help, Shift-Dir - straight line The bolt of acid hits Snorg!
Snorg is splashed with acid!
The acid corrodes Snorg!!!
Snorg is severely wounded!
Snorg burns!!!
Snorg is engulfed in blazing flames!
Snorg misses you! Snorg claws you! You block Snorg's attack!
Snorg is engulfed in blazing flames!
Snorg bites you!!! * * * don't die
* * * Snorg claws you!!! * * * don't die
* * * Snorg misses you!
Snorg burns!!!
Snorg butts burning!
Snorg is engulfed in blazing flames!
Snorg rages!
Snorg bites you!!!!!! rip

#........#
#....÷...#
#........#
#........# ##
######....<...# ..
#...##........#
#.##.#.##........#
#..............#.#
#....@########.#...
#.###T# .#####
#..§§.# .. #######
##


You could see Snorg (berserk).

Vanquished Creatures
  2 two-headed ogres
  Erica (D:10)
  An ugly thing (D:10)
  A deep elf mage (D:10)
  Joseph (D:10)
  Psyche (D:8)
  An efreet (D:10)
  3 trolls
  A hippogriff (D:9)
  5 yaks (D:9)
  A basilisk (D:10)
  An acid dragon (D:10)
  A hornet zombie (D:10)
  4 orc warriors
  3 sky beasts
  3 ice beasts
  5 black bears
  6 ogres
  A necrophage (D:4)
  4 centaurs
  2 phantoms
  2 big kobolds
  3 bullfrogs
  6 killer bees (D:9)
  2 howler monkeys
  5 crimson imps
  8 orc wizards
  6 orc priests
  Crazy Yiuf (D:2)
  A bullfrog skeleton (D:5)
  3 hounds
  A centaur skeleton (D:9)
  An iguana (D:4)
  Terence (D:2)
  7 worker ants
  A worker ant zombie (D:7)
  22 gnolls
  16 adders
  3 shadow imps
  An ooze (D:2)
  An adder skeleton (D:9)
  2 adder zombies
  4 worms
  4 dart slugs
  4 leopard geckos
  23 orcs
  10 bats
  4 giant cockroaches
  9 goblins
  4 hobgoblins
  6 jackals
  5 quokkas
  7 frilled lizards
  18 kobolds
  A leopard gecko skeleton (D:6)
  11 rats
251 creatures vanquished.

Vanquished Creatures (others)
  A hound skeleton (D:10)
  A shadow imp (D:9)
2 creatures vanquished.

Grand Total: 253 creatures vanquished

Notes
Turn   | Place    | Note
-------+----------+-------------------------------------------
     0 | D:1      | Gorglomux the Octopode Fire Elementalist began the quest for the Orb.
     0 | D:1      | Reached XP level 1. HP: 11/11 MP: 3/3
   106 | D:1      | Reached XP level 2. HP: 17/17 MP: 1/5
   500 | D:2      | Reached XP level 3. HP: 20/21 MP: 0/6
   990 | D:2      | Reached XP level 4. HP: 27/27 MP: 4/8
  1432 | D:2      | Reached skill level 3 in Spellcasting
  1708 | D:2      | Found a runed door.
  1885 | D:2      | Noticed Crazy Yiuf
  1891 | D:2      | Learned a level 3 spell: Conjure Flame
  1897 | D:2      | Killed Crazy Yiuf
  1897 | D:2      | Reached skill level 4 in Fire Magic
  1897 | D:2      | Reached XP level 5. HP: 31/31 MP: 1/9
  2008 | D:3      | Noticed Terence
  2016 | D:2      | Learned a level 4 spell: Sticky Flame
  2027 | D:2      | Killed Terence
  2274 | D:3      | Reached skill level 3 in Conjurations
  2730 | D:3      | Reached XP level 6. HP: 36/36 MP: 5/11
  3295 | D:4      | Noticed a necrophage
  3303 | D:4      | Killed a necrophage
  3432 | D:4      | Reached skill level 5 in Fire Magic
  3432 | D:4      | Reached XP level 7. HP: 27/41 MP: 0/13
  3708 | D:4      | Reached skill level 1 in Shields
  3932 | D:4      | Found Ytuudog's Magic Scroll Emporium.
  3934 | D:4      | Found Burr's Antique Weapon Shoppe.
  3939 | D:4      | Bought 2 scrolls of blinking for 150 gold pieces
  3939 | D:4      | Bought a scroll of identify for 20 gold pieces
  4008 | D:4      | Found a roughly hewn altar of Beogh.
  4165 | D:4      | Found Ikhac's Assorted Antiques.
  4253 | D:4      | Reached skill level 3 in Shields
  4326 | D:5      | Entered Level 5 of the Dungeon
  5005 | D:5      | Reached XP level 8. HP: 34/46 MP: 0/14
  5185 | D:5      | Noticed Pikel
  5504 | D:5      | Found Teoclus's General Store.
  5519 | D:5      | Reached skill level 6 in Shields
  5623 | D:5      | Bought a scroll of teleportation for 33 gold pieces
  6273 | D:5      | Learned a level 5 spell: Fireball
  6287 | D:6      | Reached skill level 1 in Fighting
  6613 | D:6      | Reached XP level 9. HP: 42/55 MP: 11/15
  6663 | D:6      | Reached skill level 3 in Fighting
  7093 | D:6      | Found a shattered altar of Ashenzari.
  7379 | D:6      | Found a staircase to the Ecumenical Temple.
  7482 | Temple   | Entered the Ecumenical Temple
  7543 | Temple   | Became a worshipper of Vehumet
  7911 | D:7      | You fall through a shaft for 3 floors!
  7911 | D:10     | Entered Level 10 of the Dungeon
  7945 | D:10     | Noticed Erica
  8296 | D:9      | Reached skill level 6 in Fighting
  8720 | D:9      | Found a shattered altar of Ashenzari.
  8724 | D:9      | Noticed a troll
  8871 | D:9      | Killed a troll
  9446 | D:9      | Noticed a two-headed ogre
  9457 | D:9      | Killed a two-headed ogre
  9457 | D:9      | Reached skill level 6 in Fire Magic
  9457 | D:9      | Reached XP level 10. HP: 14/69 MP: 3/18
  9459 | D:9      | Reached * piety under Vehumet
  9459 | D:9      | Offered knowledge of Freeze by Vehumet.
  9755 | D:8      | Reached skill level 6 in Conjurations
 10097 | D:8      | Noticed Psyche
 10126 | D:8      | Killed Psyche
 10126 | D:8      | Reached skill level 6 in Spellcasting
 10126 | D:8      | Reached skill level 7 in Fire Magic
 10352 | D:8      | Noticed a two-headed ogre
 10372 | D:8      | Killed a two-headed ogre
 11258 | D:9      | Found Asekhlih's Antique Armour Emporium.
 11415 | D:9      | Reached skill level 8 in Fire Magic
 11893 | D:9      | Reached XP level 11. HP: 61/73 MP: 16/21
 12005 | D:9      | Found a staircase to the Lair.
 12056 | D:10     | Killed Erica
 12392 | D:10     | Found a staircase to the Orcish Mines.
 12690 | D:10     | Noticed Joseph
 12819 | D:10     | Killed Joseph
 13033 | D:10     | Reached ** piety under Vehumet
 13033 | D:10     | Offered knowledge of Throw Frost by Vehumet.
 13215 | D:10     | Noticed a deep elf mage
 13219 | D:10     | Killed a deep elf mage
 13446 | D:10     | Noticed a white ugly thing
 13455 | D:10     | Killed a white ugly thing
 13612 | D:10     | Reached skill level 9 in Fire Magic
 14435 | D:10     | Identified the Almanac of the Helpful Arsonist
 14476 | D:11     | Noticed a skeletal warrior
 14476 | D:11     | Noticed a skeletal warrior
 14476 | D:11     | Noticed a skeletal warrior
 14476 | D:11     | Noticed a skeletal warrior
 14476 | D:11     | Noticed a skeletal warrior
 14513 | D:11     | Noticed a green ugly thing
 14625 | D:11     | Noticed Snorg
 14632 | D:11     | Demolished by Snorg

Skill      XL: |  1  2  3  4  5  6  7  8  9 10 11 |
---------------+----------------------------------+-----
Conjurations   | 2 3 4 5 7 8 |  8.6
Spellcasting   | 3 4 5 7 8 |  8.1
Fire Magic     | 4 5 6 8 9 |  9.1
Shields        | 4 7 |  7.8
Fighting       | 2 6 |  6.3
Dodging        | |  2.0
Stealth        | |  2.6

Action                   |  1- 3 |  4- 6 |  7- 9 | 10-12 || total
-------------------------+-------+-------+-------+-------++-------
Melee: Unarmed           |    14 |    13 |    62 |       ||    89
       Constrict         |     3 |     4 |     8 |       ||    15
       Tentacles         |     1 |     3 |     7 |       ||    11
 Fire: Blowgun           |       |       |     3 |   266 ||   269
Throw: Throwing net      |       |       |     3 |       ||     3
 Cast: Flame Tongue      |    46 |   114 |   287 |   121 ||   568
       Conjure Flame     |       |     3 |    23 |    25 ||    51
       Sticky Flame      |       |     7 |    26 |    12 ||    45
       Fireball          |       |       |       |     8 ||     8
Evoke: Wand              |       |       |     1 |    15 ||    16
  Use: Potion            |     4 |     1 |       |       ||     5
       Scroll            |       |     5 |     1 |     2 ||     8
 Stab: Sleeping          |       |       |     2 |       ||     2
  Eat: Chunk             |       |    10 |    33 |    19 ||    62
Armor: Skin              |     6 |    15 |    11 |     6 ||    38
Dodge: Dodged            |    32 |    55 |    91 |    64 ||   242
Block: Buckler           |       |       |    28 |    34 ||    62
